 Seeded DCSS version 0.27.1-2-g3b301248ec (webtiles) character file.

Game seed: 14036611466628663890 (custom seed)

185044 donath the Covert (level 17, -12/93 HPs)
             Began as a Vampire Abyssal Knight on Sept 29, 2021.
             Was an Elder of Lugonu.
             Killed by the air
             ... invoked by a spriggan air mage
              (19 damage)
             ... on level 4 of the Swamp on Oct 4, 2021.
             The game lasted 08:39:07 (37593 turns).

donath the Covert (Vampire Abyssal Knight)         Turns: 37593, Time: 08:39:08

Health: -12/93     AC: 38    Str: 17 (18) XL:     17   Next: 80%
Magic:  19/19      EV: 10    Int: 13      God:    Lugonu [****..]
Gold:   1269       SH:  5    Dex: 11 (12) Spells: 19/30 levels left

rFire    + . .     SeeInvis +   a - +13 lance "Wyrmbane" {slay drac, rPois rF+ rC+ AC+3}
rCold    + + .     Faith    .   N - +0 buckler {rPois}
rNeg     + . .     Spirit   .   J - +27 Lear's hauberk
rPois    +         Reflect  .   (helmet currently unavailable)
rElec    +         Harm     .   o - +0 cloak of Cheibriados's Envy {rC+ Str+3}
rCorr    .         Rampage  .   (gloves currently unavailable)
Will     ++...     Rnd*Rage +   (boots currently unavailable) Stlth ++........Rnd*Tele +
                                A - amulet "Zumnaose" {RegenMP +Blink rElec rN+}
HPRegen  0.45/turn              n - ring of willpower
MPRegen  0.41/turn              R - +6 ring of strength

@: unable to read, on berserk cooldown, healing quickly, hasted and slowed
A: alive, fangs 3, see invisible, vampiric 2, horns 1, electricity resistance,
berserk 1[+2], [clumsy 2], [deformed body], [deterioration 2], [dopey 2], [frail
3], low mp 1[+2], [screaming 2], [teleportitis 3], [weak 2], [no potion heal 2],
[subdued magic 3], [inability to read while threatened]
a: Exsanguinate, Renounce Religion, Evoke Blink, Depart the Abyss, Bend Space,
Banish, Corrupt


You were on level 4 of the Swamp.
You worshipped Lugonu.
Lugonu was greatly pleased with you.
You visited 8 branches of the dungeon, and saw 31 of its levels.
You visited the Abyss 2 times.
You also visited: Ice Cave.

You collected 5377 gold pieces.
You spent 4108 gold pieces at shops.

Inventory:

Hand Weapons
 a - the +13 lance "Wyrmbane" (weapon) {slay drac, rPois rF+ rC+ AC+3}
   (You bought it in a shop on level 2 of the Dungeon)

   It inflicts extra damage against dragons and draconians.
   AC:        It affects your AC (+3).
   rF:        It protects you from fire.
   rC:        It protects you from cold.
   rPois:     It protects you from poison.
 b - a +3 fustibalus of chaos
Missiles
 d - 4 atropa-tipped darts
 i - 11 javelins
 t - 89 poisoned darts (quivered)
 x - 5 throwing nets
 y - 6 boomerangs of dispersal
 E - 136 sling bullets
Armour
 o - the +0 cloak of Cheibriados's Envy (worn) {rC+ Str+3}
   (You bought it in a shop on level 2 of the Dungeon)

   Str:       It affects your strength (+3).
   rC:        It protects you from cold.
 J - the +27 Lear's hauberk (worn)
   (You bought it in a shop on level 2 of the Dungeon)
 N - a +0 buckler of poison resistance (worn)
Jewellery
 g - a ring of magical power
 n - a ring of willpower (left hand)
 s - the ring of Tuptatt {rElec MP+9 Int+2}
   (You bought it in a shop on level 2 of the Orcish Mines)

   [ring of magical power]

   Int:       It affects your intelligence (+2).
   rElec:     It insulates you from electricity.
   MP:        It affects your magic capacity (+9).
 A - the amulet "Zumnaose" (around neck) {RegenMP +Blink rElec rN+}
   (You found it on level 1 of the Spider Nest)

   [amulet of magic regeneration]

   It increases your rate of magic regeneration.
   rElec:     It insulates you from electricity.
   rN:        It protects you from negative energy.
   +Blink:    It lets you blink.
 R - a +6 ring of strength (right hand)
 W - a ring of positive energy
Wands
 l - a wand of acid (9)
 p - a wand of iceblast (25)
 L - a wand of mindburst (14)
 M - a wand of paralysis (20)
 P - a wand of charming (9)
 X - a wand of polymorph (15)
Scrolls
 k - 4 scrolls of blinking
 q - a scroll of silence
 B - a scroll of holy word
 C - a scroll of magic mapping
 G - 2 scrolls of teleportation
 Q - 3 scrolls of fear
 U - 3 scrolls of fog
Potions
 e - 3 potions of magic
 h - 2 potions of cancellation
 j - a potion of resistance
 m - 4 potions of lignification
 r - a potion of might
 u - a potion of ambrosia
 v - 7 potions of curing
 w - a potion of haste
 z - 3 potions of berserk rage
 F - 3 potions of flight
 H - a potion of invisibility
 O - 2 potions of mutation
Miscellaneous
 K - a piece from Xom's chessboard (15/15)
 Y - a phantom mirror


   Skills:
 - Level 12.0 Fighting
 - Level 2.0 Maces & Flails
 * Level 13.5 Polearms
 - Level 4.0 Throwing
 - Level 9.0 Armour
 * Level 10.0 Dodging
 - Level 14.0 Stealth
 - Level 5.0 Shields
 + Level 0.7 Unarmed Combat
 - Level 7.0 Spellcasting
 - Level 10.0 Hexes
 - Level 4.0 Summonings
 - Level 6.0 Necromancy
 - Level 5.0 Translocations
 - Level 3.0 Transmutations
 - Level 0.5 Earth Magic
 - Level 11.0 Invocations
 - Level 8.0 Evocations


You had 19 spell levels left.
You knew the following spells:

 Your Spells              Type           Power      Damage    Failure   Level
a - Apportation           Tloc           18%        N/A       12%         1
b - Wereblood             Tmut           6%         N/A       43%         2
c - Vampiric Draining     Necr           5%         2d6       24%         3
d - Sublimation of Blood  Necr           5%         N/A       12%         2
e - Summon Guardian Gole  Hex/Summ       11%        N/A       16%         3

Your spell library contained the following spells:

 Spells                   Type           Power      Damage    Failure   Level
 Summon Small Mammal      Summ           28%        N/A       19%         1
 Gell's Gravitas          Tloc           4%         N/A       38%         3
 Teleport Other           Tloc           9%         N/A       38%         3
 Call Canine Familiar     Summ           7%         N/A       52%         3
 Shock                    Conj/Air       8%         1d3       73%         1
 Static Discharge         Conj/Air       2%         N/A       87%         2
 Summon Mana Viper        Hex/Summ       11%        N/A       88%         5
 Ozocubu's Armour         Ice            2%         N/A       98%         3
 Swiftness                Air            2%         N/A       98%         3
 Summon Ice Beast         Ice/Summ       5%         N/A       99%         4
 Airstrike                Air            1%         N/A       100%        4
 Fireball                 Conj/Fire      1%         3d3       100%        5
 Lightning Bolt           Conj/Air       1%         1d12      100%        5
 Dispersal                Tloc           4%         N/A       100%        6
 Simulacrum               Ice/Necr       3%         N/A       100%        6
 Starburst                Conj/Fire      1%         6d3       100%        6
 Monstrous Menagerie      Summ           3%         N/A       100%        7
 Orb of Destruction       Conj           1%         N/A       100%        7
 Ozocubu's Refrigeration  Ice            1%         4d5       100%        7
 Spellforged Servitor     Conj/Summ      2%         N/A       100%        7
 Summon Hydra             Summ           3%         N/A       100%        7
 Ignition                 Fire           1%         3d3       100%        8
 Maxwell's Capacitive Co  Air            1%         ∞         100%        8
 Borgnjor's Revivificati  Necr           Unusable   N/A       N/A         8
 Necromutation            Tmut/Necr      Unusable   N/A       N/A         8

Dungeon Overview and Level Annotations

Branches:
Dungeon (15/15)            Temple (1/1) D:7            Lair (4/6) D:10
  Swamp (4/4) Lair:3       Spider (3/4) Lair:2          Orc (2/2) D:10
    Elf (1/3) Orc:2        Vaults (0/5) D:13         Depths (1/5) D:15
  IceCv (visited)

Altars:
Ashenzari
Cheibriados
Dithmenos
Elyvilon
Fedhas
Gozag
Hepliaklqana
Kikubaaqudgha
Makhleb
Nemelex Xobeh
Okawaru
Qazlal
Ru
Sif Muna
Trog
Uskayaw
Vehumet
Wu Jian
Xom
Yredelemnul
Zin
The Shining One
Beogh

Shops:
D:2 ?[(??   D:13 [   Orc:2 !![=

Portals:
Pandemonium: Orc:2

Annotations:
D:6 exclusion: upstairs, Sigmund
D:7 3 runed translucent doors, Dillybarz's ghost, novice PaFi; styxcanada's ghost, novice SpBr
Swamp:3 star below, exclusion: downstairs
Spider:1 2 transporters, corrupted
Spider:2 !Mara + Ast below, exclusion: downstairs
Spider:3 Asterion; Mara


Innate Abilities, Weirdness & Mutations

Your natural rate of healing is accelerated.
You have razor-sharp teeth.
You have supernaturally acute eyesight. (SInv)
You are afflicted with vampirism and can become a bat while bloodless.
You have a pair of small horns on your head.
You are resistant to electric shocks. (rElec)
[You have an uncontrollable temper.]
[You are very clumsy. (Dex -4)]
[Armour fits poorly on your strangely shaped body.]
[Your body often deteriorates upon taking damage.]
[You are very dopey. (Int -4)]
[You are extremely frail. (-30% HP)]
[Your magical capacity is extremely low. (-30% MP)]
[You frequently scream uncontrollably at your foes.]
[You are often teleported next to monsters.]
[You are very weak. (Str -4)]
[Potions cannot restore your health.]
[Your spells are much easier to cast, but much less powerful.]
[You sometimes lose the ability to read scrolls when taking damage.]


Message History

You are splashed with acid!
The tentacled monstrosity tentacle-slaps you! x2
* * * LOW HITPOINT WARNING * * *
You block the tentacled monstrosity's attack.
The tentacled monstrosity constricts you!
* * * LOW HITPOINT WARNING * * *
The spriggan air mage hits you but does no damage.
You block the goliath frog's attack.
The tentacled monstrosity tentacle-slaps you!
* * * LOW HITPOINT WARNING * * *
The tentacled monstrosity tentacle-slaps you.
* * * LOW HITPOINT WARNING * * *
You block the tentacled monstrosity's attack.
The tentacled monstrosity constricts you.
* * * LOW HITPOINT WARNING * * *
Okay, then.
Okay, then.
Unknown command.
You escape the tentacled monstrosity's grasp.
You blink.
Okay, then.
Okay, then.
Okay, then.
Aiming: Charm
Press: ? - help, Shift-Dir - straight line, f - goliath frog, p - tentacled monstrosity
Aim: a goliath frog (chance to affect: 34%)
Okay, then.
Okay, then.
Press: ? - help, v - describe, . - travel
Here: a spriggan air mage, wearing a +0 robe (repelling missiles) Some shallow water.
Okay, then.
Unknown command.
Press: ? - help, v - describe, . - travel
Here: a spriggan air mage, wearing a +0 robe (repelling missiles) Some shallow water.
You feel yourself speed up. The goliath frog completely misses you.
The spriggan air mage waves its arms in wide circles.
The air twists around and strikes you!!
You die...

.≈≈≈≈≈≈≈♣ ♣..≈≈≈≈≈.♣
≈≈≈≈≈≈≈.♣♣♣ ♣♣♣ ♣♣...≈≈≈.♣♣♣
♣...≈≈....♣♣.≈♣ ♣♣♣♣..≈≈≈≈♣
..≈≈...≈≈.....♣ ♣.≈≈≈≈≈♣♣
≈≈≈≈..♣.≈≈≈.≈♣♣ ♣♣≈≈≈≈≈≈♣
≈≈≈≈.≈≈≈≈≈≈.♣♣♣ ♣♣♣....≈≈.♣
≈≈≈.≈≈≈≈≈≈≈.≈≈♣♣♣♣♣♣≈≈≈.♣♣♣♣♣♣
.≈≈.≈≈≈≈≈..≈<..♣♣≈.≈≈≈.≈♣
≈♣♣.≈≈≈≈≈≈..≈...@≈F≈≈X<♣♣
♣♣♣♣≈≈≈≈≈≈≈...≈.≈≈i≈≈.≈♣
♣.§≈≈≈≈.≈♣♣♣.§≈≈≈..°♣
♣..♣≈..♣♣♣ ♣♣.≈≈.≈♣♣♣ ♣♣♣♣♣.♣.
♣♣♣♣♣♣♣ ♣♣♣≈≈ ≈.≈


You could see a tentacled monstrosity, a spriggan air mage (repels missiles) and
a goliath frog.

Vanquished Creatures
  A tentacled monstrosity (Swamp:4)
  A tentacled starspawn (Abyss:2)
  A storm dragon (D:15)
  A ghost moth (Spider:1)
  3 ghouls (Swamp:2)
  2 very ugly things
  A spark wasp (Spider:1)
  5 bunyips
  Snorg (D:11)
  6 eleionomae
  3 fire dragons
  A great orb of eyes (Abyss:2)
  A green death (Swamp:4)
  A shambling mangrove (Swamp:3)
  2 ice dragons
  10 hydras
  A rakshasa (Abyss:1)
  3 boulder beetles
  6 centaur warriors
  A dancing weapon (Elf:1)
  A death knight (D:15)
  A two-headed ogre (D:10)
  A tengu warrior (D:15)
  5 alligators
  A hell hog (Abyss:1)
  8 death yaks
  10 thrashing horrors
  5 orc high priests (Orc:2)
  4 skeletal warriors (D:15)
  4 wretched stars
  A deep elf knight (D:15)
  2 sixfirhies (Orc:2)
  3 spatial maelstroms
  3 goliath frogs
  4 spriggan druids
  2 torturous demonspawn (Orc:2)
  6 bog bodies
  An infernal demonspawn (Orc:2)
  A shadow demon (Abyss:3)
  A wizard (D:14)
  A deep elf archer (Elf:1)
  13 swamp dragons
  A deep elf zephyrmancer (Elf:1)
  Pikel (D:3)
  5 orc knights
  A swamp dragon (shapeshifter) (D:15)
  5 ugly things
  13 wolf spiders
  A faun (Orc:2)
  8 orb spiders
  3 deep elf pyromancers
  6 orc sorcerers
  3 manticores
  6 cyclopes
  An oklob plant (Lair:4)
  2 will-o-the-wisps
  A worldbinder (Abyss:1)
  6 black mambas
  An elephant (Lair:3)
  A stone giant skeleton (Abyss:2)
  An apocalypse crab (Abyss:1)
  An ice statue (IceCv)
  A rust devil (Orc:1)
  2 smoke demons (Abyss:3)
  4 gargoyles
  10 cane toads
  Maggie (D:6)
  4 demonic crawlers
  2 kobold demonologists
  An orange demon (Swamp:4)
  9 rime drakes
  A hellion (Abyss:3)
  An unseen horror (D:11)
  10 komodo dragons
  A torpor snail (Spider:2)
  5 efreet
  4 yaktaurs (D:15)
  4 hellwings (Abyss:3)
  A tengu conjurer (D:15)
  5 ice devils
  A freezing wraith (D:13)
  An ancient zyme (Abyss:3)
  5 trolls
  A queen bee (shapeshifter) (Abyss:3)
  4 hornets
  7 polar bears
  5 tyrant leeches
  A red devil (Orc:2)
  17 jumping spiders
  A bloated husk (Swamp:2)
  12 slime creatures
  4 raiju
  17 blink frogs
  3 shadows
  43 yaks
  4 wraiths
  3 ynoxinuls (Abyss:1)
  36 redbacks
  5 spriggans
  15 tarantellas
  2 fire bats (Abyss:1)
  A vampire (D:10)
  3 wyverns
  6 small abominations
  3 basilisks
  2 neqoxecs
  11 vampire mosquitoes
  A warg (Orc:2)
  3 spatial vortices (Abyss:1)
  14 swamp worms
  6 large abominations
  3 water moccasins
  A water moccasin (shapeshifter) (D:13)
  An acid dragon (D:11)
  A sky beast (D:8)
  31 orc warriors
  2 ice beasts (D:6)
  6 black bears
  3 swamp drakes
  12 centaurs
  5 necrophages
  29 wolves
  3 ogres
  4 lemures
  17 bullfrogs
  2 gnoll sergeants
  A kobold brigand (D:9)
  2 earth elementals
  2 scorpions
  A water moccasin zombie (D:6)
  12 killer bees
  4 wights
  A vampire bat (D:3)
  2 howler monkeys
  5 electric eels
  A quasit (Abyss:1)
  3 centaur zombies
  9 starcursed masses
  A jelly (D:6)
  4 hounds
  18 orc priests
  2 iron imps
  4 gnoll shamans
  4 iguanas
  15 orc wizards
  A killer bee zombie (D:8)
  3 nameless horrors
  A hound zombie (D:5)
  A howler monkey zombie (D:10)
  38 gnolls
  A howler monkey skeleton (D:4)
  6 adders
  2 shadow imps
  A white imp (Abyss:1)
  3 ufetubi
  A dart slug (D:4)
  73 orcs
  9 ball pythons
  4 bat skeletons (D:3)
  2 bat zombies (D:3)
  7 endoplasms
  A giant cockroach (D:1)
  11 goblins
  2 hobgoblins
  5 jackals (D:1)
  6 quokkas
  3 bats
  5 frilled lizards
  14 kobolds
  5 rats
  A lurking horror (Abyss:1)
  A starspawn tentacle (Abyss:2)
917 creatures vanquished.

Vanquished Creatures (others)
  The ghost of Taocaav the Crack Shot, an adept CeHu of Okawaru (Spider:1)
  A tentacled starspawn (Abyss:1)
  A thorn hunter (Swamp:3)
  Donald (Swamp:3)
  An emperor scorpion (Spider:1)
  An entropy weaver (Spider:1)
  A boulder beetle (Spider:1)
  A goliath frog (Swamp:2)
  An orc sorcerer (Orc:2)
  A wolf spider (Spider:1)
  3 orb spiders (Spider:1)
  An ice statue (Spider:1)
  A demonic crawler (Spider:1)
  4 jumping spiders
  2 tyrant leeches
  A raiju (Abyss:3)
  A ynoxinul (Abyss:3)
  6 tarantellas (Spider:1)
  2 redbacks
  A vampire mosquito (Swamp:2)
  A floating eye (D:15)
  A necrophage (Swamp:2)
  5 starcursed masses
  2 orc priests (Orc:2)
  A howler monkey skeleton (D:7)
  10 foxfires
  44 fungi
  42 plants
  14 starspawn tentacles
  6 withered plants (D:7)
158 creatures vanquished.

Grand Total: 1075 creatures vanquished

Notes
Turn   | Place    | Note
-------+----------+-------------------------------------------
     0 | Abyss:1  | donath the Vampire Abyssal Knight began the quest for the
                  | Orb.
     0 | Abyss:1  | Reached XP level 1. HP: 17/17 MP: 2/2
    35 | Abyss:1  | Noticed a large abomination
    50 | Abyss:1  | Noticed a tentacled starspawn
   115 | Abyss:2  | Noticed an apocalypse crab
   121 | Abyss:2  | Noticed a small abomination
   142 | Abyss:2  | Noticed a Hell Sentinel
   163 | Abyss:3  | Noticed an ancient lich
   171 | Abyss:3  | Noticed a small abomination
   175 | D:1      | Escaped the Abyss
   255 | D:1      | Found a faded altar of an unknown god.
   262 | D:1      | Got Plato's Volume of Displacement
   294 | D:1      | Reached XP level 2. HP: 14/23 MP: 3/3
   540 | D:1      | Gained mutation: You are afflicted with vampirism and can
                  | become a bat while bloodless. [Vampire growth]
   540 | D:1      | Reached XP level 3. HP: 22/28 MP: 1/4
   606 | D:1      | Reached ** piety under Lugonu
  1115 | D:2      | Noticed a necrophage
  1217 | D:2      | Found a snail-covered altar of Cheibriados.
  1225 | D:2      | Found Suuttis's Magic Scroll Shoppe.
  1229 | D:2      | Reached skill level 1 in Stealth
  1278 | D:2      | Found Recukecasm's Magic Scroll Boutique.
  1325 | D:2      | Found Ciliuc's Magic Scroll Emporium.
  1364 | D:2      | Found Ywoahe Xelo's Armour Shop.
  1399 | D:1      | Identified a scroll of acquirement
  1399 | D:1      | Acquired 1043 gold pieces
  1700 | D:2      | Learned a level 1 spell: Apportation
  1709 | D:2      | Reached XP level 4. HP: 21/22 MP: 5/5
  1717 | D:2      | Found Kistea's Weapon Shop.
  1857 | D:3      | Reached skill level 2 in Stealth
  2217 | D:3      | Found an ancient bone altar of Kikubaaqudgha.
  2529 | D:3      | Found an ornate altar of the Wu Jian Council.
  2591 | D:4      | Reached XP level 5. HP: 14/27 MP: 4/7
  2856 | D:4      | Reached skill level 1 in Spellcasting
  3087 | D:4      | Noticed Pikel
  3087 | D:4      | Noticed a lemure
  3088 | D:4      | Noticed a lemure
  3088 | D:4      | Noticed a lemure
  3088 | D:4      | Noticed a lemure
  3148 | D:3      | Killed a lemure
  3184 | D:3      | Killed a lemure
  3374 | D:2      | Reached *** piety under Lugonu
  3667 | D:4      | Reached skill level 1 in Maces & Flails
  3667 | D:4      | Reached skill level 1 in Armour
  3681 | D:4      | Reached XP level 6. HP: 24/37 MP: 8/8
  4006 | D:5      | Entered Level 5 of the Dungeon
  4190 | D:5      | Reached skill level 3 in Stealth
  4203 | D:5      | You fall into a shaft and drop 1 floor!
  4205 | D:6      | Noticed Sigmund
  4447 | D:6      | Noticed a water moccasin
  4448 | D:6      | Banished a water moccasin
  4449 | D:6      | Reached skill level 4 in Stealth
  4520 | D:5      | Reached XP level 7. HP: 44/46 MP: 9/9
  5496 | D:5      | Reached skill level 1 in Throwing
  5537 | D:5      | Reached skill level 5 in Invocations
  5579 | D:5      | Reached skill level 5 in Stealth
  5754 | D:5      | Found a shimmering blue altar of Sif Muna.
  5994 | D:6      | Noticed Maggie
  6004 | D:6      | Reached skill level 1 in Translocations
  6088 | D:5      | Reached XP level 8. HP: 52/58 MP: 8/11
  6274 | D:3      | Killed Pikel
  6275 | D:3      | Reached skill level 5 in Polearms
  6514 | D:6      | Found a radiant altar of Vehumet.
  6563 | D:6      | Reached skill level 6 in Stealth
  6965 | D:2      | Bought the +27 Lear's hauberk for 1431 gold pieces
  6965 | D:2      | Found the +27 Lear's hauberk
  7113 | D:6      | Reached **** piety under Lugonu
  7114 | D:6      | Reached XP level 9. HP: 63/63 MP: 13/13
  7346 | D:7      | Found a staircase to the Ecumenical Temple.
  7396 | D:7      | Noticed a brown ugly thing
  7437 | D:7      | Killed a brown ugly thing
  7483 | D:7      | Found a stormy altar of Qazlal.
  7582 | D:7      | Found a runed translucent gate.
  7582 | D:7      | Found a runed translucent gate.
  7582 | D:7      | Found a runed translucent gate.
  7583 | D:7      | Noticed styxcanada's ghost (novice SpBr)
  7583 | D:7      | Noticed Dillybarz's ghost (novice PaFi)
  7675 | Temple   | Entered the Ecumenical Temple
  7833 | D:7      | Found a shadowy altar of Dithmenos.
  7884 | D:7      | Reached skill level 7 in Stealth
  7884 | D:7      | Reached skill level 1 in Shields
  7906 | D:7      | Reached skill level 5 in Armour
  8286 | D:8      | Found an opulent altar of Gozag.
  8378 | D:9      | You fall into a shaft and drop 3 floors!
  8508 | D:12     | Noticed a cyclops
  8628 | D:11     | Noticed a troll
  8666 | D:11     | Killed a troll
  8667 | D:11     | Reached XP level 10. HP: 63/70 MP: 14/14
  8710 | D:11     | Reached skill level 1 in Evocations
  8768 | D:11     | Noticed a gargoyle
  8926 | D:11     | Noticed Snorg
  9013 | D:11     | Killed Snorg
  9120 | D:11     | Banished a gargoyle
 10162 | D:10     | Entered Level 10 of the Dungeon
 10184 | D:10     | Reached skill level 5 in Fighting
 10184 | D:10     | Reached XP level 11. HP: 75/79 MP: 16/16
 10387 | D:10     | Found a staircase to the Lair.
 10404 | D:10     | Reached skill level 5 in Dodging
 10440 | D:10     | Found a staircase to the Orcish Mines.
 10697 | D:10     | Found a broken altar of Ashenzari.
 10810 | D:10     | Identified the +3 spear "Bicoycre" {vorpal, rF+ Int+4}
 11752 | D:9      | Found a burning altar of Makhleb.
 11789 | D:9      | Learned a level 3 spell: Summon Guardian Golem
 11996 | D:9      | Reached skill level 1 in Hexes
 12230 | D:8      | Reached ***** piety under Lugonu
 12745 | D:7      | Found a bloodstained altar of Trog.
 12821 | Lair:1   | Entered Level 1 of the Lair of Beasts
 12854 | D:10     | Gained mutation: You are resistant to electric shocks.
                  | (rElec) [potion of mutation]
 12854 | D:10     | Gained mutation: [Your magical capacity is low. (-10% MP)]
                  | [potion of mutation]
 12854 | D:10     | Gained mutation: You have a pair of small horns on your
                  | head. [potion of mutation]
 13325 | Lair:1   | Noticed a five-headed hydra
 13673 | Lair:1   | Killed a five-headed hydra
 13674 | Lair:1   | Reached skill level 10 in Polearms
 13674 | Lair:1   | Reached XP level 12. HP: 79/86 MP: 13/15
 13692 | Lair:1   | Acquired 1135 gold pieces
 13848 | D:2      | Bought the +8 lance "Wyrmbane" {slay drac, rPois rF+ rC+
                  | AC+3} for 1050 gold pieces
 13848 | D:2      | Found the +8 lance "Wyrmbane" {slay drac, rPois rF+ rC+
                  | AC+3}
 13864 | D:2      | Bought a scroll of silence for 90 gold pieces
 13864 | D:2      | Bought a scroll of fog for 24 gold pieces
 13962 | D:6      | Killed Maggie
 13963 | D:6      | Reached skill level 8 in Stealth
 14134 | Orc:1    | Entered Level 1 of the Orcish Mines
 14304 | Orc:1    | Noticed an orc high priest
 14917 | Lair:2   | Noticed a six-headed hydra
 14945 | Lair:2   | Killed a six-headed hydra
 15661 | Lair:2   | Found a hole to the Spider Nest.
 15696 | Spider:1 | Entered Level 1 of the Spider Nest
 16042 | Lair:3   | Found a staircase to the Swamp.
 16647 | Lair:3   | Reached XP level 13. HP: 96/96 MP: 15/17
 16716 | Lair:3   | Reached skill level 5 in Evocations
 17098 | Lair:4   | Reached ****** piety under Lugonu
 17124 | Lair:4   | Reached skill level 1 in Summonings
 17250 | Lair:4   | Reached skill level 9 in Stealth
 17610 | Lair:4   | Found a frozen archway.
 17638 | IceCv    | Entered an ice cave
 17753 | IceCv    | Reached skill level 5 in Spellcasting
 18115 | IceCv    | Reached skill level 5 in Hexes
 18492 | IceCv    | Noticed a frost giant
 18668 | IceCv    | Got Sif Muna's Compendium of the Snowflakes
 18853 | IceCv    | Reached skill level 10 in Stealth
 18933 | IceCv    | Banished a frost giant
 18934 | IceCv    | Reached XP level 14. HP: 72/82 MP: 14/19
 20275 | Orc:2    | Entered Level 2 of the Orcish Mines
 20657 | Orc:2    | Found a staircase to the Elven Halls.
 20939 | Orc:2    | Found Utacir's Distillery.
 21016 | Orc:2    | Found Ifepsoen's Distillery.
 21594 | Orc:2    | Bought 2 potions of cancellation for 272 gold pieces
 21800 | Orc:2    | Gained mutation: [You tend to lose your temper in combat.]
                  | [a neqoxec]
 21946 | Orc:2    | Reached skill level 11 in Stealth
 22051 | Orc:2    | Paralysed by an orc sorcerer for 7 turns
 22062 | Orc:2    | Reached skill level 12 in Stealth
 22416 | Orc:2    | Found Tarik's Jewellery Shoppe.
 22416 | Orc:2    | Found a one-way gate leading to the halls of Pandemonium.
 22416 | Orc:2    | Found Miyfurghaddis's Antique Armour Emporium.
 22423 | Orc:2    | Bought a ring of willpower for 350 gold pieces
 22500 | Elf:1    | Entered Level 1 of the Elven Halls
 22563 | Elf:1    | Identified the +0 leather armour of Inviolability {Harm
                  | rCorr Str+3}
 23615 | D:13     | Found Wobar's Antique Armour Shoppe.
 24300 | D:13     | Found a gate to the Vaults.
 24471 | D:13     | Reached XP level 15. HP: 93/112 MP: 18/21
 24698 | D:14     | Found an iron altar of Okawaru.
 25453 | D:14     | Got the Almanac of Necromancy
 25484 | D:14     | Learned a level 3 spell: Vampiric Draining
 25688 | D:15     | Entered Level 15 of the Dungeon
 25730 | D:15     | Reached skill level 10 in Fighting
 26002 | D:15     | Reached skill level 1 in Necromancy
 26181 | D:15     | Found a staircase to the Depths.
 26288 | D:15     | Found a broken altar of Ashenzari.
 26946 | Lair:1   | Acquired the +2 pair of boots "Uchumug" {Int+2 Dex+3}
 27028 | Swamp:1  | Entered Level 1 of the Swamp
 27175 | Swamp:1  | Reached skill level 13 in Stealth
 27704 | Spider:1 | Identified the amulet "Zumnaose" {RegenMP +Blink rElec rN+}
 28063 | Spider:1 | Noticed a ghost moth
 28074 | Spider:1 | Killed a ghost moth
 28243 | Spider:1 | Identified the +9 long sword of the Warrior {antimagic, rC+
                  | rCorr}
 28299 | Spider:1 | Noticed Taocaav's ghost (adept CeHu)
 28308 | Spider:1 | Found a transporter.
 28345 | Spider:1 | Found a transporter.
 28467 | Spider:1 | Reached XP level 16. HP: 117/122 MP: 23/23
 29213 | Spider:2 | Reached skill level 14 in Stealth
 29704 | Spider:3 | Noticed Asterion
 29861 | Spider:3 | Noticed Mara
 29924 | Spider:2 | Reached skill level 10 in Invocations
 30357 | Spider:1 | Corrupted Spider:1
 30357 | Spider:1 | Noticed a tentacled starspawn
 30410 | Spider:1 | Noticed a bone dragon
 30415 | Spider:1 | Killed Taocaav's ghost
 30842 | Depths:1 | Entered Level 1 of the Depths
 30842 | Depths:1 | Noticed a storm dragon
 30862 | D:15     | Killed a storm dragon
 30895 | Depths:1 | Noticed a sphinx
 31237 | D:2      | Bought the +0 cloak of Cheibriados's Envy {rC+ Str+3} for
                  | 272 gold pieces
 31435 | Orc:2    | Bought the ring of Tuptatt {rElec MP+9 Int+2} for 534 gold
                  | pieces
 31592 | Orc:2    | Bought a potion of heal wounds for 85 gold pieces
 31926 | Spider:3 | Noticed an Executioner
 32117 | Swamp:1  | Found the +5 robe of Night {Dark Will+ SInv}
 32240 | Swamp:1  | Learned a level 2 spell: Wereblood
 32243 | Swamp:1  | Learned a level 2 spell: Sublimation of Blood
 32535 | Swamp:1  | Reached skill level 1 in Transmutations
 32695 | Swamp:2  | Reached skill level 10 in Hexes
 33701 | Swamp:3  | Noticed Donald
 34145 | Swamp:3  | Killed Donald
 34196 | Swamp:3  | Noticed a thorn hunter
 34393 | Swamp:3  | Killed a thorn hunter
 34599 | Swamp:3  | Identified the +3 dagger of Pofaz {venom, Drain MP+9 Int+2
                  | Dex+4}
 34637 | Swamp:4  | Entered Level 4 of the Swamp
 34639 | Swamp:4  | Reached XP level 17. HP: 131/131 MP: 24/24
 34869 | Swamp:4  | Noticed a tentacled monstrosity
 34888 | Swamp:4  | Killed a tentacled monstrosity
 35088 | Swamp:4  | Reached skill level 10 in Dodging
 35544 | Abyss:1  | Reached skill level 5 in Shields
 35683 | Abyss:1  | Noticed a bone dragon
 35975 | Abyss:1  | Reached skill level 5 in Necromancy
 36104 | Abyss:2  | Paralysed by accursed screaming for 1 turns
 36790 | Swamp:4  | Escaped the Abyss
 37554 | Swamp:4  | Noticed a tentacled monstrosity
 37567 | Swamp:4  | Reached skill level 5 in Translocations
 37593 | Swamp:4  | Killed from afar by a spriggan air mage

Illustrated notes

Levels and vault maps discovered:
D:1:      elethiomel_arrival_infinity_welcomes_careful_drivers, layout_rooms,
          shapermc_ecumenical_altar_rom_forum, minmay_stone_trees_medium,
          minmay_misc_feat_five
D:2:      layout_loops_ring, basic_altar, serial_shops, shop, shop, shop, shop,
          shop, minmay_shallow_snake_nest
D:3:      layout_basic, nicolae_wu_jian_immortal_techniques,
          mainiacjoe_overflow_chevrons, kennysheep_vampire_church,
          hangedman_decor_diamond_cutter, kennysheep_generic_room_8
D:4:      layout_cave_pools, serial_shops, kennysheep_mini,
          minmay_misc_feat_plants, uniq_pikel
D:5:      layout_rooms, nicolae_sif_muna_little_library
D:6:      layout_basic, vehumet_crystals, chequers_serial_rivers_large_b,
          lemuel_flamethrower_2, uniq_sigmund, uniq_maggie
D:7:      layout_rooms, nicolae_qazlal_scattered_showers,
          mainiacjoe_overflow_swirl, minmay_temple_entry_butterflies,
          gammafunk_ghost_cemetery
D:8:      layout_basic, grunt_gozag_breadcrumbs
D:9:      layout_long_grid, general_overflow_altar, grunt_ministairs_2
D:10:     layout_stronghold, mainiacjoe_overflow_catwalk, lemuel_doored_altar,
          due_lair_maze_entry_diamond, orc_0_dummy
D:11:     layout_roguey, uniq_snorg
D:12:     layout_stronghold
D:13:     layout_gridville, david_vaults_4, serial_shops, shop, hive_lemuel
D:14:     layout_basic, okawaru_ov_weapons_minmay
D:15:     grunt_enter_depths_hoard, layout_irregular_city,
          ashenzari_conservatory_becter, onia_ninara_cookie
Temple:   cyrus_temple_forest
Lair:1:   layout_hall_layers, grunt_megastairs_4, lemuel_fruit_fields
Lair:2:   layout_loops_ring, dummy_spider_entry, forest_entry_grove
Lair:3:   layout_cave_pods, skrybe_swamp_entry_bodies, minmay_stone_trees_small,
          minmay_shattered_shrine, serial_bayou_shore_b,
          infiniplex_staircase_pool
Lair:4:   layout_small_grid, portal_ice_cave_demonic_guard, lemuel_oklob_altar,
          serial_bayou_shore_a, lemuel_fruit_fields, grunt_megastairs_2,
          infiniplex_staircase_pool_2
Swamp:1:  layout_basic_swamp, nicolae_swamp_very_dense_foliage, swamp_pool1
Swamp:2:  layout_basic_swamp, evilmike_swamp_ruin_rubble_2
Swamp:3:  layout_falls_marsh, evilmike_swamp_ruin_house_2, uniq_donald
Swamp:4:  swamp_vile, layout_basic_swamp
Spider:1: layout_spider_delve, nzn_ghost_randoct
Spider:2: layout_spider_delve
Spider:3: layout_spider_delve, uniq_agnes, uniq_asterion, uniq_mara
Orc:1:    layout_caves, mines2_david
Orc:2:    pf_orc_diabolical, layout_caves
Elf:1:    layout_geoelf_octagon, serial_shops, nicolae_shop_stone, minivault_28,
          grunt_ministairs_12, uniq_frances, uniq_aizul
Depths:1: minmay_cut_squares, layout_cave_pools, serial_bayou_lagoon_a,
          hell_entry, xom_confusion_cloud, uniq_nikola

Skill      XL: |  1  2  3  4  5  6  7  8  9 10 11 12 13 14 15 16 17 |
---------------+----------------------------------------------------+-----
Polearms       | 2 3 6 8 10 12 13 | 13.5
Invocations    | 2 3 5 6 7 8 9 11 | 11.0
Stealth        | 1 2 4 5 6 7 8 10 12 13 14 | 14.0
Fighting       | 3 5 7 8 10 11 12 | 12.0
Spellcasting   | 1 2 4 5 6 7 |  7.0
Maces & Flails | 1 2 |  2.0
Armour         | 1 2 3 5 6 7 8 9 |  9.0
Throwing       | 2 3 4 |  4.0
Translocations | 1 2 4 5 |  5.0
Dodging        | 4 6 7 8 9 10 | 10.0
Shields        | 3 4 5 |  5.0
Evocations     | 2 3 4 5 6 8 |  8.0
Hexes          | 4 7 9 10 | 10.0
Summonings     | 2 4 |  4.0
Necromancy     | 4 6 |  6.0
Transmutations | 3 |  3.0
Unarmed Combat | |  0.7
Earth Magic    | |  0.5

Action                   |  1- 3 |  4- 6 |  7- 9 | 10-12 | 13-15 | 16-18 || total
-------------------------+-------+-------+-------+-------+-------+-------++-------
Melee: Spear             |    39 |       |       |   243 |       |       ||   282
       Bite              |    10 |    20 |    46 |   168 |   295 |   168 ||   707
       Whip              |    54 |   188 |   145 |       |       |       ||   387
       Trident           |       |       |   332 |   688 |       |       ||  1020
       Headbutt          |       |       |       |   128 |   462 |   287 ||   877
       Lance             |       |       |       |   416 |  2229 |  1331 ||  3976
 Fire: Hunting sling     |       |       |       |     2 |    68 |       ||    70
       Fustibalus        |       |       |       |       |    58 |    58 ||   116
Throw: Stone             |     4 |    10 |     7 |       |       |       ||    21
       Dart              |       |     6 |    28 |    18 |     7 |    57 ||   116
 Cast: Apportation       |       |       |     4 |       |     4 |    43 ||    51
       Summon Guardian G |       |       |       |       |     9 |    29 ||    38
       Vampiric Draining |       |       |       |       |       |     1 ||     1
Invok: Bend Space        |     1 |     6 |    13 |    15 |     7 |    20 ||    62
       Banish            |       |     1 |     1 |     3 |    16 |    10 ||    31
       Corrupt           |       |       |       |       |       |     1 ||     1
       Enter the Abyss   |       |       |       |       |       |     1 ||     1
 Abil: Exsanguinate      |     2 |       |       |       |     2 |       ||     4
       Revivify          |     1 |     1 |       |       |     2 |       ||     4
       End Transformatio |       |       |       |       |     1 |       ||     1
       Bat Form          |       |       |       |       |     1 |       ||     1
       Evoke Blink       |       |       |       |       |       |     2 ||     2
Evoke: Piece from Xom's  |       |       |       |     1 |     2 |       ||     3
       Wand              |       |       |       |       |    20 |     3 ||    23
  Use: Scroll            |     2 |     5 |     6 |     8 |     8 |     4 ||    33
       Potion            |       |     3 |     1 |     1 |     4 |    10 ||    19
 Stab: Sleeping          |     2 |    10 |     3 |       |     4 |     3 ||    22
       Invisible         |       |       |     2 |       |       |       ||     2
       Distracted        |       |       |     1 |       |     2 |     5 ||     8
       Confused          |       |       |       |       |     1 |       ||     1
Armor: Leather armour    |    16 |    13 |       |       |       |       ||    29
       Ring mail         |       |    46 |    90 |       |       |       ||   136
       Chain mail        |       |       |   253 |   774 |   927 |   665 ||  2619
Dodge: Dodged            |    41 |   107 |   201 |   465 |   558 |   406 ||  1778
Block: Buckler           |       |       |    47 |   269 |   299 |   205 ||   820
